 Dungeon Crawl Stone Soup version 0.15.0-18-g9076a4f (webtiles) character file.

156 Leibowitz the Ducker (level 5, 0/39 HPs)
             Began as a Demonspawn Gladiator on Sept 6, 2014.
             Succumbed to an adder's poison
             ... on Level 3 of the Dungeon.
             The game lasted 00:09:16 (2119 turns).

Leibowitz the Ducker (Demonspawn Gladiator)         Turns: 2119, Time: 00:09:16

HP   0/39        AC  4     Str 18      XL: 5   Next: 15%
MP   5/5         EV 12     Int  9      God:
Gold 74          SH  0     Dex 13      Spells:  0 memorised,  4 levels left

rFire  . . .     SeeInvis .     a - +0 war axe
rCold  . . .     Clarity  .     b - +0 leather armour
rNeg   + . .     rCorr    .     (no shield)
rPois  .         rRot     .     c - +0 helmet
rElec  .         Spirit   .     (no cloak)
SustAb .         Warding  +     (no gloves)
rMut   .         Stasis   .     (no boots)
Gourm  .                        p - amulet of warding
MR     .....                    (no ring)
                                j - +1 ring of strength

@: lethally poisoned, not resistant to hostile enchantments, very unstealthy
A: claws 1, talons 1
a: no special abilities


You were on level 3 of the Dungeon.
You were not hungry.

You visited 1 branch of the dungeon, and saw 3 of its levels.

You collected 74 gold pieces.

Inventory:

Hand weapons
 a - a +0 war axe (weapon)
Missiles
 d - 3 throwing nets (quivered)
Armour
 b - a +0 leather armour (worn)
 c - a +0 helmet (worn)
Magical devices
 i - a wand of confusion (5)
Comestibles
 f - a bread ration
 g - a beef jerky
 n - a rotting chunk of adder flesh
 q - 3 fruits
Scrolls
 k - 2 scrolls of teleportation {unknown}
 m - 2 scrolls of recharging {unknown}
 r - a scroll of magic mapping {unknown}
Jewellery
 j - a +1 ring of strength (left claw)
 p - an amulet of warding (around neck)
Potions
 e - a potion of haste
 h - a potion of might


   Skills:
 + Level 2.6 Fighting
 + Level 3.3 Axes
 + Level 1.9 Throwing
 + Level 2.0 Armour
 + Level 3.8 Dodging
 + Level 0.6 Stealth


You had 4 spell levels left.
You didn't know any spells.

Dungeon Overview and Level Annotations

Branches:
Dungeon (3/15)

Altars:


Innate Abilities, Weirdness & Mutations

You have sharp fingernails.
You have sharp toenails.


Message History

The adder poisons you!
Unknown command.
Your unstable footing causes you to fumble your attack.
You feel sick. The adder barely misses you. The adder closely misses you.
Put on which piece of jewellery? (? for menu, Esc to quit)
You feel stronger.
j - a +1 ring of strength (left claw)
The adder closely misses you.
You miss the adder. Your kick misses the adder. The adder bites you.
* * * LOW HITPOINT WARNING * * *
You are lethally poisoned!
The adder poisons you! The adder barely misses you.
You hit the adder.
The adder is moderately wounded.
* * * LOW HITPOINT WARNING * * *
You feel sick. The adder bites you.
* * * LOW HITPOINT WARNING * * *
You barely miss the adder.
The adder is moderately wounded.
You die...

#### #### ###########
##≈≈####≈≈#### ##.........#
#≈≈≈≈≈≈≈≈≈≈..#
..>........####≈@####≈≈##.#
#.............#S## #####.#
#..######.....#≈ #.#
#..#...##.....#≈ #.#
#..#...##.....#≈ #.#
...#...##....##≈ #.#
...#...#######≈≈ #.#
...#...########≈ #.#
..#..........# # #.#


You could see an adder.

Vanquished Creatures
  Ijyb (D:2)
  5 adders
  6 worms
  4 giant geckos
  7 bats
  3 giant cockroaches
  9 goblins
  7 hobgoblins
  3 ball pythons
  2 giant newts
  7 kobolds
  5 rats
59 creatures vanquished.

Notes
Turn   | Place    | Note
--------------------------------------------------------------
     0 | D:1      | Leibowitz, the Demonspawn Gladiator, began the quest for the Orb.
     0 | D:1      | Reached XP level 1. HP: 16/16 MP: 1/1
    93 | D:1      | Gained mutation: You have sharp toenails. [demonic ancestry]
    93 | D:1      | Reached XP level 2. HP: 16/22 MP: 2/2
   152 | D:1      | Reached skill level 3 in Axes
   469 | D:2      | Gained mutation: You have sharp fingernails. [demonic ancestry]
   469 | D:2      | Reached XP level 3. HP: 18/27 MP: 3/3
  1191 | D:2      | Reached XP level 4. HP: 30/34 MP: 4/4
  1203 | D:2      | Reached skill level 1 in Armour
  1252 | D:2      | Noticed Ijyb
  1285 | D:2      | Killed Ijyb
  1711 | D:3      | Reached XP level 5. HP: 17/39 MP: 5/5
  2118 | D:3      | HP: 1/39 [adder (1)]
  2119 | D:3      | Succumbed to an adder's poison

Action                   |  1- 3 |  4- 6 || total
-------------------------+-------+-------++-------
Melee: War axe           |   105 |    97 ||   202
Evoke: Wand              |       |     1 ||     1
  Use: Potion            |       |     2 ||     2
  Eat: Chunk             |     1 |     3 ||     4
